 Dungeon Crawl Stone Soup version 0.23.2-30-g0e89c35649 (webtiles) character file.

Game seed: 1444478466873817617

20697 HEYYEYAAE the Impaler (level 12, -4/92 HPs)
             Began as a Demigod Gladiator on June 8, 2019.
             Slain by an orc knight
             ... wielding a +4 great sword of flaming
              (13 damage)
             ... on level 2 of the Orcish Mines.
             The game lasted 00:17:57 (13733 turns).

HEYYEYAAE the Impaler (Demigod Gladiator)          Turns: 13733, Time: 00:17:58

Health: -4/92      AC: 19    Str: 41    XL:     12   Next: 18%
Magic:  15/15      EV: 17    Int: 12    God:
Gold:   508        SH:  0    Dex: 17    Spells: 11/11 levels left

rFire    . . .     SeeInvis +   b - +2 halberd (venom)
rCold    + . .     Gourm    .   (shield currently unavailable)
rNeg     . . .     Faith    .   n - +5 chain mail of Precision Catastrophes {rCorr Str+7 Slay+5}
rPois    +         Spirit   .   t - +1 hat
rElec    +         Reflect  .   z - +2 cloak {rPois}
rCorr    +         Harm     .   D - +0 pair of gloves
MR       +....     NoTele   +   (no boots)
Stlth    ..........             (no amulet)
HPRegen  0.25/turn              m - ring of the Sun {-Tele rElec rC+ Str+9 SInv}
MPRegen  0.14/turn              u - +4 ring of evasion

@: no status effects
A: antennae 1, blink, high mp 1, teleportitis 1
a: Blink


You were on level 2 of the Orcish Mines.
You were hungry.

You visited 2 branches of the dungeon, and saw 15 of its levels.
You also visited: Ossuary.

You collected 922 gold pieces.
You spent 414 gold pieces at shops.

Inventory:

Hand Weapons
 a - a +0 trident
 b - a +2 halberd of venom (weapon)
Missiles
 d - 4 throwing nets (quivered)
Armour
 c - a +0 helmet
 e - a +0 scale mail of fire resistance
 h - a +0 crystal plate armour
 n - the +5 chain mail of Precision Catastrophes (worn) {rCorr Str+7 Slay+5}
   (You found it on level 6 of the Dungeon)

   It affects your strength (+7).
   It affects your accuracy and damage with ranged weapons and melee attacks
   (+5).
   It provides partial protection from all sources of acid and corrosion.
 t - a +1 hat (worn)
 v - a +2 helmet
 z - a +2 cloak of poison resistance (worn)
 D - a +0 pair of gloves (worn)
 N - a scarf of repulsion
Jewellery
 m - the ring of the Sun (left hand) {-Tele rElec rC+ Str+9 SInv}
   (You took it off an orc on level 7 of the Dungeon)

   [ring of protection from cold]

   It affects your strength (+9).
   It protects you from cold.
   It insulates you from electricity.
   It lets you see invisible.
   It prevents most forms of teleportation.
 p - an uncursed ring of resist corrosion
 u - a +4 ring of evasion (right hand)
 C - an uncursed ring of ice
 R - a +3 ring of protection
Wands
 l - a wand of random effects (29)
 E - a wand of polymorph (5)
 I - a wand of disintegration (13)
Scrolls
 g - 3 scrolls of magic mapping
 i - 7 scrolls of remove curse
 j - a scroll of fear
 k - 7 scrolls of noise
 o - 7 scrolls of teleportation
 x - 2 scrolls of amnesia
 y - a scroll of immolation
 M - a scroll of silence
 P - a scroll of torment
 Q - a scroll of blinking {unknown}
Potions
 q - a potion of lignification {unknown}
 r - a potion of heal wounds
 w - a potion of berserk rage {unknown}
 A - 5 potions of curing
 B - a potion of invisibility {unknown}
 F - a potion of ambrosia
 G - a potion of agility
 H - 2 potions of might
 J - a potion of magic {unknown}
 O - a potion of haste
 S - a potion of flight
Comestibles
 f - 22 rations


   Skills:
 + Level 4.5 Fighting
 + Level 16.8 Polearms
 - Level 1.7 Throwing
 + Level 4.0 Armour
 + Level 5.0 Dodging


You had 11 spell levels left.
You didn't know any spells.
Your spell library contained the following spells:

 Spells                   Type           Power        Failure   Level  Hunger
 Flame Tongue             Conj/Fire      #....        73%         1    ##.....
 Shock                    Conj/Air       #...         73%         1    ##.....
 Sting                    Conj/Pois      #...         73%         1    ##.....
 Swiftness                Chrm/Air       #.......     86%         2    ###....
 Throw Flame              Conj/Fire      #.....       86%         2    ###....
 Conjure Flame            Conj/Fire      #.......     97%         3    ####...
 Inner Flame              Hex/Fire       #.......     97%         3    ####...
 Mephitic Cloud           Conj/Pois/Air  #.......     97%         3    ####...
 Recall                   Summ/Tloc      N/A          97%         3    ####...
 Animate Dead             Necr           N/A          100%        4    #####..
 Leda's Liquefaction      Hex/Erth       #.........   100%        4    #####..
 Sticky Flame             Conj/Fire      #.......     100%        4    #####..
 Bolt of Magma            Conj/Fire/Erth #.........   100%        5    ######.
 Borgnjor's Vile Clutch   Necr/Erth      #.........   100%        5    ######.
 Fireball                 Conj/Fire      #.........   100%        5    ######.
 Death Channel            Necr           #.........   100%        6    #######
 Iron Shot                Conj/Erth      #.........   100%        6    #######
 Simulacrum               Ice/Necr       #.........   100%        6    #######
 Statue Form              Tmut/Erth      #........    100%        6    #######
 Orb of Destruction       Conj           #.........   100%        7    #######
 Shatter                  Erth           #.........   100%        9    #######


Dungeon Overview and Level Annotations

Branches:
Dungeon (13/15)            Temple (0/1) D:6            Lair (0/6) D:10
    Orc (2/2) D:11
    Elf: Orc:2       Vaults: D:13-14

Shops:
D:8 ![   Orc:2 =


Innate Abilities, Weirdness & Mutations

You have an increased reservoir of magic. (+10% MP)
You have a pair of small antennae on your head.
You can translocate small distances at will.
You are occasionally teleported next to monsters.


Message History

You puncture the orc knight!
You kill the orc knight!
Your Armour skill increases to level 4!
Your Dodging skill increases to level 5!
Items here: )) [ † a +0 hand axe; a +0 dagger; a +0 robe; an orc corpse An orc knight comes into view.
It is wielding a +4 great sword of flaming.
The orc knight shouts!
An orc knight comes into view.
It is wielding a +0 war axe of chopping.
Items here: )))))))))))))) [[[[[[[[[[[ †††††††† Your chain mail of Precision Catastrophes prevents you from hitting the orc knight.
The orc knight hits you but does no damage.
You hit the orc knight.
The orc knight is poisoned.
The orc knight is lightly wounded.
The orc knight roars a battlecry!
The orc knight goes into a battle-frenzy!
The orc knight hits you with a +4 great sword of flaming!!
* * * LOW HITPOINT WARNING * * *
The orc knight burns you!
You die...

.#####.##.## ##
...##.#### ##.
...##.# ##..
...##.# #... #.
# ##..##..#
##..
#∩.#.##)..##.##
#.#.
#...o...##..#
####.
##....)##..##
#....
#####)@o.##
##... ######
##... #...#
#.... #...#
##.## ###


You could see 2 orc knights.

Vanquished Creatures
  An ettin (Orc:2)
  A two-headed ogre (Orc:2)
  3 orc high priests (Orc:2)
  3 orc sorcerers (Orc:2)
  An ugly thing (D:7)
  3 orc knights
  2 cyclopes
  A wolf spider (D:12)
  2 centaur zombies (D:11)
  A gargoyle (D:11)
  A yaktaur (D:11)
  3 hippogriffs
  A shadow (D:12)
  7 yaks
  Grum (D:10)
  A human (D:8)
  3 hogs (D:8)
  3 hungry ghosts
  Menkaure (D:6)
  2 acid dragons (D:12)
  4 wargs
  15 orc warriors
  2 black bears
  2 sky beasts
  A phantom (D:7)
  5 ogres
  2 necrophages
  4 wolves (D:10)
  11 centaurs
  A big kobold (D:11)
  9 bullfrogs
  An elf zombie (Ossuary)
  A wyvern zombie (D:9)
  2 gnoll sergeants
  A water moccasin zombie (D:8)
  4 scorpions
  A water moccasin skeleton (D:4)
  7 killer bees
  2 howler monkeys
  11 wights
  7 crimson imps
  A bullfrog zombie (D:10)
  A quasit (D:11)
  A human zombie (Ossuary)
  A bullfrog skeleton (D:8)
  5 jellies
  A gnoll shaman (D:8)
  10 orc priests
  8 hounds
  3 centaur skeletons
  3 iguanas
  15 orc wizards
  7 worker ants
  2 big kobold zombies (Ossuary)
  A hound zombie (D:6)
  2 hound skeletons
  2 mummies (Ossuary)
  A worker ant zombie (D:6)
  24 gnolls
  8 adders
  A shadow imp (D:8)
  4 adder zombies
  2 worms
  2 dart slugs
  5 leopard geckos
  46 orcs
  2 ball pythons
  17 bats
  4 giant cockroaches
  6 goblins
  7 hobgoblins
  24 jackals
  18 kobolds
  10 quokkas
  A ball python skeleton (D:4)
  3 frilled lizards
  4 goblin zombies
  7 hobgoblin zombies (Ossuary)
  A jackal skeleton (D:4)
  11 kobold zombies (Ossuary)
  3 leopard gecko skeletons
  8 orc zombies (Ossuary)
  2 quokka zombies
  7 rats
  2 rat zombies
427 creatures vanquished.

Notes
Turn   | Place    | Note
-------+----------+-------------------------------------------
     0 | D:1      | HEYYEYAAE the Demigod Gladiator began the quest for the
                  | Orb.
     0 | D:1      | Reached XP level 1. HP: 17/17 MP: 3/3
    56 | D:1      | Reached skill level 3 in Polearms
   186 | D:1      | Reached XP level 2. HP: 21/24 MP: 4/4
   737 | D:2      | Reached XP level 3. HP: 28/29 MP: 5/5
   777 | D:2      | Reached skill level 4 in Polearms
   874 | D:2      | Found a sacrificial altar of Ru.
  1632 | D:3      | Reached XP level 4. HP: 36/36 MP: 6/6
  1948 | D:3      | Found a glowing golden altar of the Shining One.
  2509 | D:4      | Reached skill level 5 in Polearms
  2561 | D:4      | Reached XP level 5. HP: 31/41 MP: 7/7
  2569 | D:4      | Found a sand-covered staircase.
  2578 | Ossuary  | Entered an ossuary
  2703 | Ossuary  | Reached skill level 6 in Polearms
  2984 | Ossuary  | Reached XP level 6. HP: 24/48 MP: 8/8
  3317 | D:4      | Reached skill level 7 in Polearms
  3338 | D:4      | Found a snail-covered altar of Cheibriados.
  3595 | D:5      | Entered Level 5 of the Dungeon
  3616 | D:4      | HP: 2/48 [centaur skeleton (3)]
  3622 | D:4      | Reached XP level 7. HP: 31/53 MP: 9/9
  4170 | D:4      | Reached skill level 8 in Polearms
  4382 | D:5      | Gained mutation: You can translocate small distances at
                  | will. [potion of mutation]
  4382 | D:5      | Gained mutation: You are occasionally teleported next to
                  | monsters. [potion of mutation]
  4382 | D:5      | Gained mutation: You have a pair of small antennae on your
                  | head. [potion of mutation]
  4646 | D:5      | Reached skill level 9 in Polearms
  4860 | D:5      | Found a blossoming altar of Fedhas.
  5296 | D:6      | Reached XP level 8. HP: 29/60 MP: 10/10
  5466 | D:6      | Noticed Menkaure
  5646 | D:6      | Killed Menkaure
  5671 | D:6      | Found a staircase to the Ecumenical Temple.
  5710 | D:6      | Got an encrusted chain mail
  5711 | D:6      | Identified the +5 chain mail of Precision Catastrophes
                  | {rCorr Str+7 Slay+5} (You found it on level 6 of the
                  | Dungeon)
  5880 | D:6      | Found a sparkling altar of Nemelex Xobeh.
  6107 | D:7      | Reached skill level 10 in Polearms
  6190 | D:7      | Noticed a cyan ugly thing
  6485 | D:7      | Identified the ring of the Sun {-Tele rElec rC+ Str+9 SInv}
  6491 | D:7      | Reached skill level 11 in Polearms
  6532 | D:7      | Noticed a hippogriff
  6555 | D:7      | Killed a cyan ugly thing
  6555 | D:7      | Reached XP level 9. HP: 31/67 MP: 11/11
  6743 | D:7      | Reached skill level 12 in Polearms
  6881 | D:7      | Identified the Handbook of Weightlessness and Attacks
  7103 | D:8      | Found a hide-covered altar of Uskayaw.
  7106 | D:8      | Found a radiant altar of Vehumet.
  7106 | D:8      | Found a burning altar of Makhleb.
  7108 | D:8      | Found a glowing silver altar of Zin.
  7127 | D:8      | Found Socrulee's Armour Shop.
  7149 | D:8      | Bought a +0 pair of gloves for 63 gold pieces
  7227 | D:8      | Found a white marble altar of Elyvilon.
  7242 | D:8      | Found an opulent altar of Gozag.
  7246 | D:8      | Found a blossoming altar of Fedhas.
  7246 | D:8      | Found an ancient bone altar of Kikubaaqudgha.
  7248 | D:8      | Found an ornate altar of the Wu Jian Council.
  7248 | D:8      | Found a sparkling altar of Nemelex Xobeh.
  7248 | D:8      | Found a shimmering altar of Xom.
  7350 | D:8      | Reached skill level 13 in Polearms
  7597 | D:8      | Found Otuvusteu's Distillery.
  7604 | D:8      | Bought a potion of ambrosia for 104 gold pieces
  7604 | D:8      | Bought a potion of heal wounds for 65 gold pieces
  7604 | D:8      | Bought a potion of curing for 39 gold pieces
  7604 | D:8      | Bought a potion of curing for 39 gold pieces
  7604 | D:8      | Bought a potion of agility for 52 gold pieces
  7604 | D:8      | Bought a potion of might for 52 gold pieces
  7928 | D:9      | Reached XP level 10. HP: 73/73 MP: 13/13
  8581 | D:9      | Reached skill level 14 in Polearms
  8931 | D:10     | Entered Level 10 of the Dungeon
  9005 | D:10     | Noticed Grum
  9018 | D:10     | Killed Grum
  9094 | D:10     | Identified a scroll of acquirement
  9186 | D:10     | Found a staircase to the Lair.
  9674 | D:11     | Reached skill level 15 in Polearms
  9783 | D:11     | Noticed a two-headed ogre
 10048 | D:11     | Found a staircase to the Orcish Mines.
 10136 | D:11     | Reached XP level 11. HP: 68/79 MP: 14/14
 10350 | D:11     | a two-headed ogre changed into a cyclops
 11023 | D:12     | Reached skill level 16 in Polearms
 11887 | D:13     | Noticed a deep elf mage
 11902 | D:13     | Noticed a centaur warrior
 12080 | D:13     | Noticed a skeletal warrior
 12343 | D:13     | Noticed a six-headed hydra
 12399 | Orc:1    | Entered Level 1 of the Orcish Mines
 12611 | D:11     | Reached skill level 1 in Armour
 12770 | Orc:1    | Noticed an orc knight
 12972 | Orc:1    | Killed an orc knight
 13357 | Orc:2    | Entered Level 2 of the Orcish Mines
 13364 | Orc:2    | Noticed an ettin
 13364 | Orc:2    | Noticed a two-headed ogre
 13375 | Orc:2    | Killed an ettin
 13380 | Orc:2    | Killed a two-headed ogre
 13632 | Orc:2    | Noticed an orc knight
 13637 | Orc:2    | Found Qemodda's Jewellery Shoppe.
 13648 | Orc:2    | Killed an orc knight
 13651 | Orc:2    | Noticed a sixfirhy
 13655 | Orc:2    | Noticed a soul eater
 13668 | Orc:2    | Noticed an orc high priest
 13670 | Orc:2    | Noticed a sixfirhy
 13691 | Orc:2    | Killed an orc high priest
 13691 | Orc:2    | Reached XP level 12. HP: 48/91 MP: 15/15
 13729 | Orc:2    | Reached skill level 5 in Dodging
 13733 | Orc:2    | Slain by an orc knight

Skill      XL: |  1  2  3  4  5  6  7  8  9 10 11 12 |
---------------+-------------------------------------+-----
Polearms       | 3 4 5 6 7 9 11 13 15 16 | 16.8
Fighting       | 4 |  4.5
Armour         | 3 4 |  4.0
Dodging        | 4 5 |  5.0
Throwing       | |  1.7

Action                   |  1- 3 |  4- 6 |  7- 9 | 10-12 || total
-------------------------+-------+-------+-------+-------++-------
Melee: Trident           |   183 |   386 |   140 |       ||   709
       Halberd           |       |       |   292 |   532 ||   824
Throw: Throwing net      |       |       |     1 |       ||     1
Evoke: Wand              |       |     3 |       |    14 ||    17
       Box of beasts     |       |       |       |     1 ||     1
  Use: Scroll            |     1 |     8 |     5 |    12 ||    26
       Potion            |       |     1 |    15 |     4 ||    20
  Eat: Chunk             |     2 |     4 |    11 |    14 ||    31
       Ration            |       |     1 |     1 |     2 ||     4
Armor: Crystal plate arm |   131 |   323 |   261 |       ||   715
       Scale mail        |     6 |       |       |       ||     6
       Chain mail        |       |       |    94 |   171 ||   265
Dodge: Dodged            |     8 |    39 |   169 |   317 ||   533
